 Dungeon Crawl Stone Soup version 0.18.1-48-g4cf74bf (webtiles) character file.

4 FluffyCthulhu the Grave Robber (level 1, -1/14 HPs)
             Began as a Ghoul Necromancer on Aug 30, 2016.
             Slain by an ooze (3 damage)
             ... on level 1 of the Dungeon.
             The game lasted 00:03:39 (192 turns).

FluffyCthulhu the Grave Robber (Ghoul Necromancer)   Turns: 192, Time: 00:03:40

Health: -1/14      AC:  2    Str: 11    XL:     1   Next: 60%
Magic:  0/2        EV: 12    Int: 10    God:
Gold:   4          SH:  0    Dex:  9    Spells: 2 memorised, 1 level left

rFire  . . .     SeeInvis .     (no weapon)
rCold  + . .     Gourm    .     a - +0 robe
rNeg   + + +     Faith    .     (no shield)
rPois  ∞         Spirit   .     (no helmet)
rElec  .         Dismiss  .     (no cloak)
rCorr  .         Reflect  .     (no gloves)
SustAt .         Harm     .     (no boots)
MR     .....                    (no amulet)
Stlth  ++........               (no ring)
                                (no ring)

@: rotting, not resistant to hostile enchantments, unstealthy
A: rotting body, claws 1, carnivore 3, cold resistance 1, negative energy
resistance 3, slow regeneration 1, torment resistance, unbreathing
a: no special abilities


You were on level 1 of the Dungeon.
You were not hungry.

You visited 1 branch of the dungeon, and saw 1 of its levels.

You collected 4 gold pieces.

Inventory:

Armour
 a - a +0 robe (worn)
 g - a +0 pair of boots
Scrolls
 f - a scroll of enchant armour {unknown}
Potions
 e - a potion of berserk rage {unknown}
Books
 b - a book of Necromancy

   Spells                             Type                      Level
   a - Pain                           Necromancy                   1
   b - Animate Skeleton               Necromancy                   1
   c - Vampiric Draining              Necromancy                   3
   d - Regeneration                   Charms/Necromancy            3
   e - Animate Dead                   Necromancy                   4
   f - Control Undead                 Necromancy                   4
Comestibles
 c - a meat ration
 d - 2 chunks of flesh


   Skills:
 + Level 1.7 Dodging
 + Level 2.1 Stealth
 + Level 1.7 Spellcasting
 + Level 4.2 Necromancy


You had one spell level left.
You knew the following spells:

 Your Spells              Type           Power        Failure   Level  Hunger
a - Pain                  Necr           #...         8%          1    ##.....
b - Animate Skeleton      Necr           N/A          8%          1    ##.....


Dungeon Overview and Level Annotations

Branches:
Dungeon (1/15)

Altars:


Innate Abilities, Weirdness & Mutations

Your body is rotting away.
You thrive on raw meat.
You are immune to poison.
You have sharp fingernails.
You are carnivorous and can eat meat at any time.
Your flesh is cold resistant.
You are immune to negative energy.
You regenerate slowly when monsters are visible.
You are immune to unholy pain and torment.
You can survive without breathing.


Message History

The ooze hits you.
Casting: Pain
Confirm with . or Enter, or press ? or * to list all spells.
Aiming: Pain
Press: ? - help, Shift-Dir - straight line, f/p - ooze
Aim: an ooze (lightly wounded, chance to defeat MR: 60%)
The ooze convulses in agony!
The ooze hits you but does no damage. The ooze hits you.
Your magical contamination has completely faded away.
Casting: Pain
Confirm with . or Enter, or press ? or * to list all spells.
Aiming: Pain
Press: ? - help, Shift-Dir - straight line, f/p - ooze
Aim: an ooze (moderately wounded, chance to defeat MR: 60%)
The ooze convulses in agony!
The ooze hits you.
* * * LOW HITPOINT WARNING * * *
The ooze hits you.
* * * LOW HITPOINT WARNING * * *
The ooze hits you.
You die...

###.#......# ####
..#.#.####.##############..
...........................
..###...................#.#
..........##.####.#####.#.#
..#######.##.####'#####.#.#
........#....##...........#
..#####.#######J..........# ..#
....[...@.....[...# ..#
##..#######.#.....#.#.# ..#
##....... ##.#.#####.#.#
.####.........##....#####.#.# .#
#..#######.............#.## .#
#..#.....#.....#..[.....=.# !#
.###..#†≈≈≈.#....[...........# .#
....<.#†X≈≈.#..##.#..........##.#
###..)#.≈≈≈.#.. #................


You could see an ooze.

Vanquished Creatures
  A bat (D:1)
  A giant cockroach (D:1)
  A giant newt (D:1)
  A rat (D:1)
4 creatures vanquished.

Vanquished Creatures (others)
  2 ghouls (D:1)
  A minotaur (D:1)
  A draconian (D:1)
  An octopode (D:1)
  A gargoyle (D:1)
  An elf (D:1)
  A troll (D:1)
  A spriggan (D:1)
  2 humans (D:1)
  A dwarf (D:1)
  4 tentacles (D:1)
  9 tentacle segments (D:1)
25 creatures vanquished.

Grand Total: 29 creatures vanquished

Notes
Turn   | Place    | Note
--------------------------------------------------------------
     0 | D:1      | FluffyCthulhu the Ghoul Necromancer began the quest for the Orb.
     0 | D:1      | Reached XP level 1. HP: 14/14 MP: 2/2
     0 | D:1      | Noticed a gargoyle
     0 | D:1      | Noticed a ghoul
     0 | D:1      | Noticed a draconian
     0 | D:1      | Noticed an octopode
     0 | D:1      | Noticed a troll
     0 | D:1      | Noticed a minotaur
     0 | D:1      | Noticed a human
     0 | D:1      | Noticed a kraken
     0 | D:1      | Noticed an elf
     0 | D:1      | Noticed a spriggan
     0 | D:1      | Noticed a human
     0 | D:1      | Noticed a ghoul
     0 | D:1      | Noticed a dwarf
     5 | D:1      | Killed a gargoyle
     7 | D:1      | Learned a level 1 spell: Animate Skeleton
     8 | D:1      | Killed a human
     9 | D:1      | Killed an octopode
     9 | D:1      | Killed an elf
    10 | D:1      | Killed a dwarf
    11 | D:1      | Killed a troll
    11 | D:1      | Killed a human
    11 | D:1      | Killed a draconian
    13 | D:1      | Killed a ghoul
    15 | D:1      | Killed a minotaur
    16 | D:1      | Killed a spriggan
    18 | D:1      | Killed a ghoul
   192 | D:1      | Slain by an ooze

Action                   || total
-------------------------++-------
Melee: Unarmed           ||     1
 Cast: Pain              ||     7
       Animate Skeleton  ||     1
  Eat: Chunk             ||     1
Armor: Robe              ||     2
Dodge: Dodged            ||     1
